 Dungeon Crawl Stone Soup version 0.31-a0-117-g42d8f58691 (webtiles) character file.

Game seed: 13488370845215231656

1901 loir the Fighter (level 9, -1/73 (74) HPs)
             Began as a Merfolk Gladiator on May 30, 2023.
             Slain by an orc
             ... wielding a +1 flail of draining
              (4 damage)
             ... on level 7 of the Dungeon.
             The game lasted 00:33:20 (4083 turns).

loir the Fighter (Merfolk Gladiator)                Turns: 4083, Time: 00:33:21

HP:   -1/73 (74)    AC:  6    Str: 25    XL:     9   Next: 15%
MP:   4/9           EV: 17    Int:  7    God:
Gold: 131           SH:  0    Dex: 21    Spells: 8/8 levels left

rFire   . . .        a - +1 trident (vamp)
rCold   . . .        (no shield)
rNeg    . . .        b - +0 leather armour
rPois   .            c - +1 helmet
rElec   .            i - +0 cloak
rCorr   .            (no gloves)
SInv    .            (no boots)
Will    .....        h - amulet of regeneration
Stlth   ++           p - +6 ring of dexterity
HPRegen 1.12/turn    w - +6 ring of strength
MPRegen 0.11/turn

%: no passive effects
@: about to teleport, lightly drained
A: (nimble swimmer 2), mertail
a: no special abilities


You were on level 7 of the Dungeon.
You visited 1 branch of the dungeon, and saw 7 of its levels.

You collected 235 gold pieces.
You spent 104 gold pieces at shops.

Inventory:

Hand Weapons
 a - a +1 vampiric trident (weapon)
 k - a +2 trident of venom
Missiles
 d - 3 throwing nets
 e - a javelin
 j - a poisoned dart (quivered)
Armour
 b - a +0 leather armour (worn)
 c - a +1 helmet (worn)
 i - a +0 cloak (worn)
 v - the +5 scale mail "Dyog" {Rampage *Slow Regen+ Int+3}
   (You found it on level 4 of the Dungeon)

   Int:       It affects your intelligence (+3).
   Regen:     It increases your rate of health regeneration.
   *Slow:     It may slow you when you take damage.
   Rampage:   It bestows one free step when moving towards enemies.
Jewellery
 h - an amulet of regeneration (around neck)
 o - a ring of fire
 p - a +6 ring of dexterity (left hand)
 u - an amulet of faith
 w - a +6 ring of strength (right hand)
 x - a +6 ring of intelligence
Wands
 n - a wand of flame (31)
 A - a wand of iceblast (7)
Scrolls
 r - a scroll of enchant armour
 s - a scroll of brand weapon
 y - a scroll of enchant weapon
 B - a scroll of teleportation
 C - 2 scrolls of identify
 D - a scroll of poison {unknown}
 E - a scroll of summoning {unknown}
Potions
 f - 2 potions of heal wounds
 g - a potion of attraction
 l - 3 potions of lignification
 m - a potion of might
 q - 3 potions of enlightenment
 t - 3 potions of curing
 z - a potion of haste {unknown}
 F - a potion of brilliance {unknown}


   Skills:
 * Level 8.2 Fighting
 + Level 7.7 Polearms
 + Level 5.4 Throwing
 + Level 1.2 Armour
 + Level 7.8 Dodging


You had 8 spell levels left.
You didn't know any spells.
Your spell library contained the following spells:

 Spells                   Type           Power      Damage    Failure   Level
 Beastly Appendage        Tmut           0%         N/A       47%         1
 Blink                    Tloc           0%         N/A       63%         2
 Lesser Beckoning         Tloc           0%         N/A       63%         2
 Momentum Strike          Conj/Tloc      0%         3d8       63%         2
 Wereblood                Tmut           0%         N/A       63%         2
 Frozen Ramparts          Ice            0%         1d1       85%         3
 Spider Form              Tmut/Pois      0%         N/A       85%         3
 Ice Form                 Ice/Tmut       0%         N/A       99%         4
 Summon Ice Beast         Ice/Summ       0%         N/A       99%         4


Dungeon Overview and Level Annotations

Branches:
Dungeon (7/15)
 Temple: D:4-7

Altars:
Ru

Shops:
D:4 *

Annotations:
D:7 Joseph


Innate Abilities, Weirdness & Mutations

((You are very nimble when in or above water. (Stealth+, EV+, Speed+++)))
Your lower body shifts to a powerful aquatic tail in water.


Message History

Joseph is moderately wounded.
Joseph hits you with a +0 quarterstaff!
You puncture Joseph!
Joseph is heavily wounded.
Joseph barely misses you.
You puncture Joseph!
You feel better.
Joseph is heavily wounded.
The orc warrior closely misses you.
You hit Joseph.
Joseph is severely wounded.
Joseph drinks a potion.
Joseph is healed!
The orc hits you with a +1 flail of draining.
You feel drained. The orc warrior barely misses you.
You barely miss Joseph.
Joseph is heavily wounded.
The orc looks more healthy.
Joseph hits you with a +0 quarterstaff! The orc warrior completely misses you.
You puncture Joseph!
You feel better.
Joseph is heavily wounded.
Joseph drinks a potion.
Joseph is healed!
The orc closely misses you. The orc warrior barely misses you.
The orc completely misses you.
You puncture Joseph!
Joseph is moderately wounded.
Joseph hits you with a +0 quarterstaff!
You puncture Joseph!
You feel better.
Joseph is heavily wounded.
The orc hits you with a +0 dagger. The orc warrior completely misses you.
The orc barely misses you. Joseph misses you.
You closely miss Joseph.
Joseph is heavily wounded.
The orc closely misses you.
The orc warrior hits you from afar with a +0 glaive.
The orc closely misses you. Joseph hits you with a +0 quarterstaff!
* * * LOW HITPOINT WARNING * * *
As you read the scroll of teleportation, it crumbles to dust.
You feel strangely unstable. The orc hits you but does no damage.
The orc warrior hits you from afar with a +0 glaive!
* * * LOW HITPOINT WARNING * * *
The orc hits you with a +1 flail of draining.
You die...

. ##.. ....>....
. ....#....
#......#.
#.#.(.#@..
#.#...#..# #
#....o#..#.#
###.#.o.#....#
#.....o@#.####
#.#..#..@..#
#........########
#.....#.##......#
#.......##.####.#
#.###.####.# #.#
#. #.# #.####.# .
#.####.#....#
#......#.####


You could see Joseph, an orc warrior and 2 orcs.

Vanquished Creatures
  Sigmund (D:2)
  Edmund (D:6)
  3 black bears
  A sky beast (D:6)
  An ogre (D:4)
  3 phantoms
  3 scorpions
  4 wights (D:5)
  3 hounds
  Crazy Yiuf (D:2)
  A jelly (D:6)
  3 iguanas
  Natasha (thrice) (D:3)
  A mummy (D:5)
  Robin (D:2)
  4 gnolls (D:3)
  8 adders
  2 shadow imps
  4 worms
  6 dart slugs
  9 orcs
  6 ball pythons
  8 endoplasms
  2 giant cockroaches (D:1)
  14 goblins
  12 hobgoblins
  5 kobolds
  3 quokkas
  7 bats
  A hobgoblin zombie (D:5)
  2 kobold zombies (D:5)
  An orc zombie (D:5)
  5 rats
129 creatures vanquished.

Notes
Turn   | Place    | Note
-------+----------+-------------------------------------------
     0 | D:1      | loir the Merfolk Gladiator began the quest for the Orb.
     0 | D:1      | Reached XP level 1. HP: 16/16 MP: 1/1
    44 | D:1      | Reached XP level 2. HP: 23/23 MP: 2/2
   420 | D:1      | Reached XP level 3. HP: 28/28 MP: 3/3
   441 | D:1      | Reached skill level 3 in Fighting
   802 | D:2      | Noticed Robin
   810 | D:2      | Killed Robin
   841 | D:2      | Reached XP level 4. HP: 35/35 MP: 4/4
   851 | D:2      | Found a sacrificial altar of Ru.
  1024 | D:2      | Found a runed translucent door.
  1025 | D:2      | Noticed Crazy Yiuf
  1034 | D:2      | Killed Crazy Yiuf
  1170 | D:2      | Reached XP level 5. HP: 42/42 MP: 5/5
  1248 | D:2      | Found a faded altar of an unknown god.
  1386 | D:2      | Noticed Sigmund
  1428 | D:2      | Killed Sigmund
  1429 | D:2      | Reached skill level 4 in Fighting
  1429 | D:2      | Reached skill level 5 in Polearms
  1429 | D:2      | Reached skill level 5 in Dodging
  1429 | D:2      | Reached XP level 6. HP: 18/49 MP: 6/6
  1536 | D:3      | Noticed Natasha
  1548 | D:3      | Killed Natasha
  1554 | D:3      | Noticed Natasha
  1563 | D:3      | Killed Natasha
  1564 | D:3      | Reached skill level 5 in Fighting
  1573 | D:3      | Noticed Natasha
  1578 | D:3      | Killed Natasha
  1692 | D:3      | Reached XP level 7. HP: 38/56 MP: 7/7
  1876 | D:3      | You fall into a shaft and drop 3 floors!
  2006 | D:6      | Noticed Edmund
  2024 | D:6      | Killed Edmund
  2109 | D:6      | Reached skill level 6 in Fighting
  2114 | D:5      | Entered Level 5 of the Dungeon
  2194 | D:6      | Reached XP level 8. HP: 60/64 MP: 8/8
  2420 | D:4      | Reached skill level 7 in Fighting
  2861 | D:4      | Found Nogg's Assorted Antiques.
  2867 | D:4      | Bought a scroll of identify for 52 gold pieces
  2867 | D:4      | Bought a scroll of identify for 52 gold pieces
  2981 | D:4      | Identified the +5 scale mail "Dyog" {Rampage *Slow Regen+
                  | Int+3}
  2995 | D:5      | Reached skill level 5 in Throwing
  3195 | D:5      | Reached XP level 9. HP: 53/74 MP: 9/9
  3198 | D:5      | Reached skill level 1 in Armour
  3259 | D:5      | Reached skill level 8 in Fighting
  4058 | D:7      | Noticed Joseph
  4083 | D:7      | HP: 3/73 [orc warrior/+0 glaive (7)]
  4083 | D:7      | Slain by an orc

Illustrated notes

Levels and vault maps discovered:
D:1:      scummos_arrival_star, layout_basic, kennysheep_flooded_box,
          minmay_cupped
D:2:      layout_loops_ring, basic_altar,
          hellmonk_ecumenical_altar_leap_of_faith, corexii_leaking_fountain,
          minmay_goblin_outpost, uniq_sigmund, uniq_robin,
          uniq_crazy_yiuf_cottage
D:3:      layout_rooms, uniq_natasha
D:4:      layout_rooms, serial_shops, shop
D:5:      layout_cave_pools, minmay_mini_ossuary
D:6:      layout_gridville, lemuel_flamethrower_2, uniq_edmund
D:7:      layout_basic, minmay_temple_entry_glassed_door, uniq_maggie,
          uniq_joseph

Skill      XL: |  1  2  3  4  5  6  7  8  9 |
---------------+----------------------------+-----
Fighting       | 3 4 5 6 7 8 |  8.2
Polearms       | 5 6 7 |  7.7
Throwing       | 3 4 5 |  5.4
Dodging        | 5 6 7 |  7.8
Armour         | 1 |  1.2

Action                     |  1- 3 |  4- 6 |  7- 9 || total
---------------------------+-------+-------+-------++-------
  Melee: Trident           |    87 |   127 |   293 ||   507
         Punch             |       |     2 |     5 ||     7
  Throw: Dart              |       |     3 |     5 ||     8
         Throwing net      |       |       |     1 ||     1
    Use: Scroll            |       |     6 |    13 ||    19
         Potion            |       |       |     1 ||     1
   Stab: Sleeping          |     1 |     3 |     7 ||    11
         Held in net/web   |       |       |     2 ||     2
 Armour: Leather armour    |    19 |    21 |    44 ||    84
  Dodge: Dodged            |    44 |    67 |   180 ||   291

Table legend: (Time is in decaauts)
 A = Elapsed time spent in this place.
 B = Non-inter-level travel time spent in this place.
 C = Inter-level travel time spent in this place.
 D = Time resting spent in this place.
 E = Time spent auto-exploring this place.
 F = Levels seen in this place.
 G = Mean time per level.
                   A        B        C        D        E       F      G
               +--------+--------+--------+--------+--------+-----+--------+
         Total |   4078 |   3788 |    290 |     58 |   2725 |   7 |  582.6 |
       Dungeon |   4078 |   3788 |    290 |     58 |   2725 |   7 |  582.6 |
               +--------+--------+--------+--------+--------+-----+--------+

Top non-repeatable levels by time:
     D:2: 784 daAuts
     D:1: 775 daAuts
     D:6: 657 daAuts
     D:5: 586 daAuts
     D:4: 568 daAuts
     D:3: 465 daAuts
     D:7: 240 daAuts
